 Dungeon Crawl Stone Soup version 0.10.4 character file.

496 nihil000 the Skirmisher (level 6, -1/55 HPs)
             Began as a Hill Orc Fighter on Oct 7, 2022.
             Was a Follower of Makhleb.
             Slain by a gnoll
             ... wielding a +1,+1 halberd
              (6 damage)
             ... on Level 4 of the Dungeon.
             The game lasted 00:11:15 (3284 turns).

nihil000 the Skirmisher (Hill Orc Fighter)          Turns: 3284, Time: 00:11:15

HP  -1/55        AC 10     Str 21      XL: 6   Next: 72%
MP  14/14        EV  6     Int  8      God: Makhleb [*.....]
Gold 181         SH 19     Dex 10      Spells:  0 memorised,  5 levels left

Res.Fire  : . . .   See Invis. : .   a - +0 orc hand axe {=f}
Res.Cold  : . . .   Warding    : . . b - +1 orc scale mail
Life Prot.: . . .   Conserve   : .   c - +0 orc shield
Res.Acid. : . . .   Res.Corr.  : .   (no helmet)
Res.Poison: .       Clarity    : .   l - +0 cloak
Res.Elec. : .       Spirit.Shd : .   (no gloves)
Sust.Abil.: . .     Stasis     : .   (no boots)
Res.Mut.  : .       Ctrl.Telep.: .   (no amulet)
Res.Rott. : .       Levitation : .   s - ring of magical power
Saprovore : + . .   Ctrl.Flight: .   o - ring of levitation

@: slightly resistant to hostile enchantments, extremely unstealthy
A: saprovore 1
a: Renounce Religion, Evoke Levitation


You were on level 4 of the Dungeon.
You worshipped Makhleb.
Makhleb was pleased with you.
You were very hungry.

You visited 1 branch of the dungeon, and saw 4 of its levels.

You collected 161 gold pieces.

Inventory:

Hand weapons
 a - a +0,+0 orcish hand axe (weapon) {=f}
 D - a -1,+1 orcish spear (quivered)
Armour
 b - a +1 orcish scale mail (worn)
 c - a +0 orcish shield (worn)
 l - a +0 cloak (worn)
 x - a +0 elven leather armour
Comestibles
 d - 3 meat rations
 f - a chunk of bat flesh
 g - a chunk of giant newt flesh
 u - an orange
 v - a bread ration
 z - 2 apples
Scrolls
 e - 2 scrolls of fear
 i - 2 scrolls of teleportation
 j - a scroll of random uselessness
 n - 2 scrolls of remove curse {unknown}
 q - 4 scrolls of identify {unknown}
 r - 2 scrolls of enchant weapon II
 w - a scroll of detect curse
 y - a scroll of enchant armour
Jewellery
 m - an uncursed amulet of inaccuracy {unknown}
 o - a ring of levitation (left hand)
 s - a ring of magical power (right hand)
Potions
 h - a potion of heal wounds
 k - a potion of might {unknown}
 p - 3 potions of curing
 A - a potion of brilliance {unknown}
Books
 t - a book of Power

   Spells                             Type                      Level
   Iskenderun's Mystic Blast          Conjuration                  4
   Venom Bolt                         Conjuration/Poison           5
   Bolt of Magma                      Conjuration/Fire/Earth       5
   Poisonous Cloud                    Conjuration/Poison/Air       6
   Iron Shot                          Conjuration/Earth            6
   Mass Confusion                     Hexes                        6
   Orb of Destruction                 Conjuration                  7


   Skills:
 + Level 5.9 Fighting
 + Level 5.1 Axes
 + Level 5.3 Armour
 - Level 3.2 Shields


You had 5 spell levels left.
You didn't know any spells.

Dungeon Overview and Level Annotations

Branches:
Dungeon (4/27)             Temple (0/1) D:4

Altars:
Makhleb


Innate Abilities, Weirdness & Mutations

You can tolerate rotten meat.


Message History

The gnoll hits you from afar with a runed halberd.
You closely miss the gnoll.
The gnoll hits you from afar with a runed halberd!
* * * LOW HITPOINT WARNING * * *
The gnoll picks up a flail.
The gnoll wields a flail.
You barely miss the gnoll. The gnoll barely misses you.
You hit the gnoll but do no damage.
The gnoll hits you from afar with a runed halberd.
* * * LOW HITPOINT WARNING * * *
The gnoll hits you but does no damage.
You closely miss the gnoll.
The gnoll hits you from afar with a runed halberd.
* * * LOW HITPOINT WARNING * * *
You block the gnoll's attack.
Your shield and scale mail prevent you from hitting the gnoll.
You block the gnoll's attack. The gnoll hits you but does no damage.
You hit the gnoll.
The gnoll is lightly wounded.
The gnoll hits you from afar with a runed halberd.
You die...

##.# #.# #..###.#
############### #....#.#
#.............. #......#
##########..............
#.##.###
#.......#...............
#.##.#
#.......#...............
#'##.#
#.......#.....##########
...%.# #......##g....#
.....#####......@g.....#
...............####....#
..................+....#
.....##############....#
....## #....# ....#
#....######### .....
#............# .......
#.....##.##..# .......
#.....#..##<.#


You could see 2 gnolls.

Vanquished Creatures
  The ghost of maxinsky the Chopper, an average HuFi (D:3)
  A phantom (D:4)
  A jelly (D:4)
  5 adders
  A gnoll (D:4)
  2 giant geckos (D:2)
  4 giant cockroaches
  13 goblins
  9 hobgoblins
  3 jackals (D:2)
  12 bats
  6 giant newts
  10 kobolds
  14 rats
82 creatures vanquished.

Vanquished Creatures (others)
  A ball python (D:3)
1 creature vanquished.

Grand Total: 83 creatures vanquished

Notes
Turn   | Place    | Note
--------------------------------------------------------------
     0 | D:1      | nihil000, the Hill Orc Fighter, began the quest for the Orb.
     0 | D:1      | Reached XP level 1. HP: 19/19 MP: 0/0
   111 | D:1      | Reached XP level 2. HP: 24/26 MP: 1/1
   352 | D:1      | Reached skill level 4 in Fighting
   712 | D:1      | Reached XP level 3. HP: 31/33 MP: 2/2
  1553 | D:2      | Reached XP level 4. HP: 36/40 MP: 3/3
  2022 | D:3      | Noticed maxinsky's ghost (average HuFi)
  2060 | D:3      | Killed maxinsky's ghost
  2060 | D:3      | Reached skill level 5 in Fighting
  2060 | D:3      | Reached XP level 5. HP: 38/47 MP: 4/4
  2093 | D:3      | Found a burning altar of Makhleb.
  2112 | D:3      | Became a worshipper of Makhleb the Destroyer
  2681 | D:3      | Reached XP level 6. HP: 50/53 MP: 5/5
  2912 | D:4      | Found a staircase to the Ecumenical Temple.
  2945 | D:4      | Reached skill level 5 in Armour
  2953 | D:4      | Reached skill level 5 in Axes
  3233 | D:4      | Acquired Makhleb's first power
  3284 | D:4      | Slain by a gnoll
